 Dungeon Crawl Stone Soup version 0.21-a0-257-gbb444f2 (webtiles) character file.

100296 ManvsDungeon the Warrior (level 15, -13/130 HPs)
             Began as a Demonspawn Wanderer on Sept 6, 2017.
             Was the Champion of Okawaru.
             Mangled by a wolf spider simulacrum (14 damage)
             ... on level 15 of the Dungeon.
             The game lasted 01:22:29 (26028 turns).

ManvsDungeon the Warrior (Demonspawn Wanderer)     Turns: 26028, Time: 01:22:29

Health: -13/130    AC: 16    Str: 17    XL:     15   Next: 80%
Magic:  20/20      EV: 12    Int: 18    God:    Okawaru [******]
Gold:   488        SH:  0    Dex: 17    Spells: 14/14 levels left

rFire    + . .     SeeInvis .   L - +5 glaive (chop)
rCold    + . .     Gourm    .   (shield currently unavailable)
rNeg     . . .     Faith    .   U - +2 chain mail {rC+}
rPois    +         Spirit   .   B - +1 helmet
rElec    +         Reflect  .   d - scarf of Emoid {rElec rF+}
rCorr    .         Harm     .   x - +1 pair of gloves
MR       +....                  (boots unavailable)
Stlth    ..........             T - amulet of regeneration
HPRegen  0.71/turn              Z - +4 ring of evasion
MPRegen  0.17/turn              J - ring of poison resistance

@: mighty, hasted, studying Armour, very quick
A: hooves 3, agile 1, deformed body, low mp 1, powered by death 3, powered by
pain 1, augmentation 2, sturdy frame 1
a: Heroism, Finesse, Renounce Religion


You were on level 15 of the Dungeon.
You worshipped Okawaru.
Okawaru was exalted by your worship.
You were very hungry.

You visited 4 branches of the dungeon, and saw 24 of its levels.
You also visited: Labyrinth, Ossuary and Volcano.

You collected 2033 gold pieces.
You spent 1545 gold pieces at shops.

Inventory:

Hand Weapons
 L - a +5 glaive of chopping (weapon)
 P - a +1 glaive of flaming
 V - a +0 blowgun
Missiles
 r - 8 curare-tipped needles
 N - a throwing net
 O - 8 silver javelins (quivered)
Armour
 d - the scarf of Emoid (worn) {rElec rF+}
   (Okawaru gifted it to you on level 6 of the Lair of Beasts)

   It protects you from fire.
   It insulates you from electricity.
 k - a +2 chain mail of fire resistance
 x - a +1 pair of gloves (worn)
 A - a +0 buckler
 B - a +1 helmet (worn)
 U - a +2 chain mail of cold resistance (worn)
Jewellery
 b - the ring "Xanaung" {Int+2 Dex+3 SInv}
   (You found it on level 13 of the Dungeon)

   [ring of see invisible]

   It affects your intelligence (+2).
   It affects your dexterity (+3).
   It lets you see invisible.
 o - an uncursed ring of protection from fire
 J - a ring of poison resistance (right hand)
 T - an amulet of regeneration (around neck)
 Y - a +5 ring of strength
 Z - a +4 ring of evasion (left hand)
Wands
 a - a wand of disintegration (11/24)
 w - a wand of confusion (25/48)
 z - a wand of acid (0/15)
 X - a wand of clouds (0/9)
Scrolls
 e - 5 scrolls of amnesia
 g - 13 scrolls of identify
 i - 8 scrolls of remove curse
 y - 3 scrolls of enchant weapon
 D - 2 scrolls of teleportation
 E - a scroll of enchant armour
 G - 2 scrolls of fog
 I - 3 scrolls of fear
 Q - a scroll of magic mapping
Potions
 c - a potion of magic
 l - 7 potions of flight
 m - 5 potions of resistance
 q - 6 potions of agility
 s - a potion of berserk rage
 t - 6 potions of brilliance
 u - 2 potions of cancellation
 C - a potion of might
 M - 3 potions of curing
 W - 2 potions of invisibility
Books
 h - a manual of Armour
Miscellaneous
 n - a lightning rod (4/4)
Comestibles
 f - 13 royal jellies
 j - 18 fruits
 p - 3 meat rations
 v - 7 bread rations


   Skills:
 + Level 15.7 Fighting
   Level 3.6 Maces & Flails
 - Level 14.2 Polearms
 + Level 15.3 Armour
 - Level 1.0 Shields
 - Level 10.5 Invocations
 - Level 1.0 Evocations


You had 14 spell levels left.
You didn't know any spells.

Dungeon Overview and Level Annotations

Branches:
Dungeon (15/15)            Temple (1/1) D:5            Lair (6/6) D:9
 Shoals (0/4) Lair:2       Spider (0/4) Lair:2        Slime (0/5) Lair:5
    Orc (2/2) D:11            Elf (0/3) Orc:2        Vaults (0/5) D:14
 Depths: D:15

Altars:
Cheibriados
Dithmenos
Hepliaklqana
Kikubaaqudgha
Makhleb
Okawaru
Qazlal
Ru
Sif Muna
Trog
Uskayaw
Wu Jian
Zin
The Shining One
Beogh

Shops:
Orc:2 [(:*

Annotations:
D:3 1 exclusion
D:9 Erolcha


Innate Abilities, Weirdness & Mutations

You have hooves in place of feet.
You regenerate a lot of health from kills.
You sometimes gain a little power by taking damage.
Your magical and physical power is enhanced at high health.
Your movements are slightly less encumbered by armour. (ER -2)
You are agile. (Dex +2)
Armour fits poorly on your strangely shaped body.
Your magical capacity is low. (-10% MP)


Message History

* * * LOW HITPOINT WARNING * * *
The wolf spider simulacrum bites you.
* * * LOW HITPOINT WARNING * * *
The wolf spider simulacrum freezes you! You resist.
* * * LOW HITPOINT WARNING * * *
Okay, then.
Okay, then.
Okay, then.
Unknown command.
Okay, then.
Unknown command.
Unknown command.
Press: ? - help, v - describe, . - travel
Here: a wolf spider simulacrum The floor.
Unknown command.
You feel yourself speed up. The wolf spider simulacrum hits you.
* * * LOW HITPOINT WARNING * * *
The wolf spider simulacrum freezes you! You resist.
You die...

#########
#.......#
#.......#
#.......# .
#.......#####
...?#....?)<....#
......Z@.((....##
..)...e...).####
##.#........#
...........#
.....#..#.###
.....#..#.. .#..
....#.. ..##.##.
##)


You could see a deep elf archer and a wolf spider simulacrum.

Vanquished Creatures
  A bone dragon (D:14)
  An orc warlord (Orc:1)
  Nessos (Orc:2)
  A minotaur (Lab)
  A fire dragon (Lair:6)
  Josephine (Orc:2)
  10 hydras
  The ghost of AvylaarBelgium the Thaumaturge, a journeyman DEFE of Vehumet (D:11)
  Harold (Orc:1)
  4 vault guards (D:14)
  4 centaur warriors
  6 death yaks (Lair:4)
  6 two-headed ogres
  A tengu warrior (D:14)
  3 orc high priests
  Sonja (Lair:4)
  2 unseen horrors
  A swamp dragon (Lair:6)
  A fire crab (Lair:6)
  An oklob plant (Lair:3)
  A wolf spider zombie (D:14)
  3 orc knights (Orc:2)
  7 orc sorcerers
  2 wolf spiders (Lair:6)
  A cyclops (D:14)
  A deep elf mage (D:12)
  3 ugly things (D:11)
  A manticore (D:13)
  2 salamanders (Volcano)
  8 black mambas
  Psyche (D:8)
  A guardian serpent (Lair:6)
  18 spiny frogs
  A gargoyle (D:14)
  13 centaur skeletons
  6 komodo dragons
  2 rime drakes (Lair:6)
  A red devil (D:11)
  2 harpy zombies (D:14)
  A queen bee (Lair:3)
  A tengu conjurer (D:14)
  A polar bear (Lair:6)
  3 trolls
  2 wolf spider simulacra (D:14)
  Prince Ribbit (D:6)
  A harpy skeleton (D:14)
  2 hornets (Lair:6)
  5 slime creatures
  28 blink frogs
  7 dream sheep
  9 hippogriffs
  A centaur simulacrum (D:14)
  12 wyverns
  3 redbacks (Lair:6)
  7 wraiths
  33 yaks
  6 basilisks
  A golden eye (shapeshifter) (D:14)
  8 vampire mosquitoes
  5 hungry ghosts
  A steam dragon (Lair:6)
  3 fire bats (Volcano)
  Menkaure (D:5)
  Edmund (D:3)
  A soldier ant (D:14)
  A warg (Orc:2)
  5 acid dragons
  15 water moccasins
  Duvessa (D:6)
  9 porcupines
  2 swamp drakes (Lair:6)
  A hornet zombie (D:14)
  4 ice beasts
  30 orc warriors
  4 black bears
  2 sky beasts
  4 phantoms
  2 necrophages
  9 ogres
  15 crocodiles
  10 centaurs
  8 wolves
  2 big kobolds
  31 bullfrogs
  A wyvern zombie (D:8)
  Dowan (D:6)
  A hornet simulacrum (D:14)
  A wyvern skeleton (D:14)
  2 scorpions
  27 killer bees
  3 wights (Ossuary)
  2 electric eels (Lair:1)
  8 howler monkeys
  8 crimson imps
  2 bullfrog zombies (D:6)
  10 centaur zombies
  7 jellies
  A quasit (D:8)
  A wyvern simulacrum (D:14)
  7 hounds
  11 orc priests
  Crazy Yiuf (D:5)
  4 iguanas
  19 orc wizards
  13 worker ants
  A hound zombie (D:5)
  2 worker ant zombies (D:9)
  Robin (D:4)
  14 adders
  2 shadow imps (D:9)
  An ooze (D:3)
  3 adder zombies
  An adder skeleton (D:9)
  3 worms
  3 dart slugs (D:1)
  4 leopard geckos
  63 orcs
  8 giant cockroaches
  17 goblins
  10 hobgoblins
  17 jackals
  6 quokkas
  3 ball pythons
  5 bats
  5 frilled lizards
  A hobgoblin zombie (Ossuary)
  A jackal skeleton (D:4)
  17 kobolds
  2 kobold zombies (Ossuary)
  3 orc skeletons (Ossuary)
  An orc zombie (Ossuary)
  12 rats
757 creatures vanquished.

Vanquished Creatures (others)
  A hell hog (Volcano)
  A wyvern (Lair:6)
  An orc wizard (Orc:1)
  30 fungi
  25 plants
58 creatures vanquished.

Grand Total: 815 creatures vanquished

Notes
Turn   | Place    | Note
-------+----------+-------------------------------------------
     0 | D:1      | ManvsDungeon the Demonspawn Wanderer began the quest for the Orb.
     0 | D:1      | ManvsDungeon set off with: a +2 scale mail, 2 potions of curing, a +0 dagger, a bread ration
     0 | D:1      | Reached XP level 1. HP: 16/16 MP: 1/1
   363 | D:1      | Gained mutation: You have large cloven feet. [demonic ancestry]
   363 | D:1      | Reached XP level 2. HP: 23/23 MP: 2/2
   822 | D:1      | Gained mutation: You regenerate a little health from kills. [demonic ancestry]
   822 | D:1      | Reached XP level 3. HP: 24/29 MP: 3/3
  1947 | D:2      | Reached XP level 4. HP: 34/37 MP: 4/4
  1977 | D:2      | Gained mutation: Your magical capacity is low. (-10% MP) [potion of mutation]
  1977 | D:2      | Gained mutation: You are agile. (Dex +2) [potion of mutation]
  2945 | D:3      | Gained mutation: Your movements are slightly less encumbered by armour. (ER -2) [demonic ancestry]
  2945 | D:3      | Reached XP level 5. HP: 42/42 MP: 5/5
  2994 | D:3      | Found a glowing golden altar of the Shining One.
  3442 | D:4      | Noticed Edmund
  3517 | D:3      | Killed Edmund
  3517 | D:3      | Gained mutation: You sometimes gain a little power by taking damage. [demonic ancestry]
  3517 | D:3      | Reached XP level 6. HP: 23/48 MP: 6/6
  3689 | D:4      | Found a sand-covered staircase.
  3694 | Ossuary  | Entered an ossuary
  3846 | Ossuary  | Reached skill level 5 in Polearms
  3932 | Ossuary  | Noticed a wraith
  3932 | Ossuary  | Noticed a flying skull
  3946 | Ossuary  | Noticed a wraith
  3992 | Ossuary  | Killed a wraith
  3992 | Ossuary  | Gained mutation: You regenerate health from kills. [demonic ancestry]
  3992 | Ossuary  | Reached XP level 7. HP: 21/54 MP: 6/6
  4184 | Ossuary  | Noticed a flying skull
  4308 | Ossuary  | Noticed a flying skull
  4389 | Ossuary  | Noticed a wraith
  4395 | Ossuary  | Killed a wraith
  4874 | D:4      | Found an ancient bone altar of Kikubaaqudgha.
  4949 | D:4      | Noticed Robin
  4986 | D:4      | Killed Robin
  5196 | D:5      | Entered Level 5 of the Dungeon
  5330 | D:5      | Noticed Menkaure
  5334 | D:5      | Killed Menkaure
  5334 | D:5      | Gained mutation: You have hoof-like feet. [demonic ancestry]
  5334 | D:5      | Reached XP level 8. HP: 32/60 MP: 7/7
  5355 | D:5      | Found a runed door.
  5359 | D:5      | Noticed Crazy Yiuf
  5362 | D:5      | Killed Crazy Yiuf
  5729 | D:5      | Found a staircase to the Ecumenical Temple.
  5735 | Temple   | Entered the Ecumenical Temple
  5741 | Temple   | Became a worshipper of Warmaster Okawaru
  6064 | D:6      | Noticed Prince Ribbit
  6230 | D:6      | Found a deep blue altar of Sif Muna.
  6390 | D:6      | Reached * piety under Okawaru
  6404 | D:6      | Noticed Duvessa
  6418 | D:6      | Noticed Dowan
  6424 | D:6      | Killed Duvessa
  6424 | D:6      | Reached skill level 10 in Polearms
  6428 | D:6      | Killed Dowan
  6428 | D:6      | Reached XP level 9. HP: 64/65 MP: 8/8
  7096 | D:6      | Killed Prince Ribbit
  7541 | D:7      | Reached ** piety under Okawaru
  7938 | D:7      | Found a bloodstained altar of Trog.
  8010 | D:7      | Reached *** piety under Okawaru
  8419 | D:8      | Noticed a komodo dragon
  8425 | D:8      | Killed a komodo dragon
  8425 | D:8      | Received a gift from Okawaru
  8425 | D:8      | Reached XP level 10. HP: 61/73 MP: 9/9
  8599 | D:8      | Reached skill level 5 in Fighting
  8744 | D:8      | Noticed Psyche
  8803 | D:8      | Killed Psyche
  8904 | D:8      | Noticed a two-headed ogre
  8939 | D:8      | Killed a two-headed ogre
  8939 | D:8      | Reached **** piety under Okawaru
  9121 | D:9      | Noticed Erolcha
  9181 | D:9      | Found a staircase to the Lair.
  9195 | D:9      | Reached skill level 5 in Armour
 10978 | D:10     | Entered Level 10 of the Dungeon
 11004 | D:10     | Reached ***** piety under Okawaru
 11032 | D:10     | Reached XP level 11. HP: 63/86 MP: 10/10
 11507 | D:10     | Killed an unseen horror
 11882 | Lair:1   | Entered Level 1 of the Lair of Beasts
 11914 | Lair:1   | Received a gift from Okawaru
 13121 | Lair:2   | Found a hazy altar of Hepliaklqana.
 13152 | Lair:2   | Found a hole to the Spider Nest.
 13358 | Lair:2   | Reached skill level 10 in Fighting
 13447 | Lair:2   | Found a staircase to the Shoals.
 13601 | Lair:2   | Noticed a four-headed hydra
 13602 | Lair:2   | Noticed a five-headed hydra
 13622 | Lair:2   | Killed a five-headed hydra
 13622 | Lair:2   | Gained mutation: Your magical and physical power is slightly enhanced at high health. [demonic ancestry]
 13622 | Lair:2   | Reached XP level 12. HP: 46/97 MP: 11/11
 13623 | Lair:2   | Killed a four-headed hydra
 13623 | Lair:2   | Received a gift from Okawaru
 14033 | Lair:3   | Found a dark tunnel.
 14081 | Volcano  | Entered a volcano
 14092 | Volcano  | Noticed a two-headed ogre
 14098 | Volcano  | Reached ****** piety under Okawaru
 14101 | Volcano  | Reached skill level 1 in Invocations
 14104 | Volcano  | Killed a two-headed ogre
 14111 | Volcano  | Noticed a hell hog
 14114 | Volcano  | Killed a hell hog
 14338 | Volcano  | Identified a +2 pair of boots of running (You found it in a volcano)
 14486 | Lair:3   | Received a gift from Okawaru
 14489 | Lair:3   | Got a black opal-encrusted animal skin {god gift}
 14500 | Lair:3   | Identified the +2 animal skin "Tonu" {rC+ MP+9} (Okawaru gifted it to you on level 3 of the Lair of Beasts)
 14644 | Lair:3   | Reached skill level 5 in Invocations
 15048 | Lair:3   | Found a glowing golden altar of the Shining One.
 15332 | Lair:3   | Gained mutation: You regenerate a lot of health from kills. [demonic ancestry]
 15332 | Lair:3   | Reached XP level 13. HP: 92/104 MP: 17/17
 15478 | Lair:4   | Noticed Sonja
 15497 | Lair:4   | Killed Sonja
 15931 | Lair:4   | Reached skill level 10 in Invocations
 16059 | Lair:4   | Received a gift from Okawaru
 16635 | Lair:5   | Found a staircase to the Slime Pits.
 16641 | Lair:5   | Reached skill level 10 in Armour
 16968 | Lair:6   | Entered Level 6 of the Lair of Beasts
 17138 | Lair:6   | Found a labyrinth entrance.
 17147 | Lab      | Entered a labyrinth
 19853 | Lab      | Noticed a minotaur
 19859 | Lab      | Killed a minotaur
 19912 | Lair:6   | Received a gift from Okawaru
 19923 | Lair:6   | Got an ichor-stained scarf {god gift}
 19934 | Lair:6   | Identified the scarf of Emoid {rElec rF+} (Okawaru gifted it to you on level 6 of the Lair of Beasts)
 20012 | Lair:6   | Gained mutation: You have hooves in place of feet. [demonic ancestry]
 20012 | Lair:6   | Reached XP level 14. HP: 114/115 MP: 19/19
 20892 | Lair:6   | Received a gift from Okawaru
 21563 | D:11     | Found a burning altar of Makhleb.
 21564 | D:11     | Noticed AvylaarBelgium's ghost (journeyman DEFE)
 21581 | D:11     | Killed AvylaarBelgium's ghost
 21693 | D:11     | Found a staircase to the Orcish Mines.
 21813 | Orc:1    | Entered Level 1 of the Orcish Mines
 21826 | Orc:1    | Noticed Harold
 21870 | Orc:1    | Killed Harold
 21942 | Orc:2    | Entered Level 2 of the Orcish Mines
 21949 | Orc:2    | Noticed an orc warlord
 22020 | Orc:1    | Killed an orc warlord
 22048 | Orc:2    | Paralysed by an orc sorcerer for 7 turns
 22065 | Orc:2    | Found Xata's Antique Weapon Shop.
 22132 | Orc:2    | Gained mutation: Armour fits poorly on your strangely shaped body. [a neqoxec]
 22267 | Orc:2    | Noticed Josephine
 22285 | Orc:2    | Killed Josephine
 22357 | Orc:2    | Found Riurr's Antique Armour Shop.
 22396 | Orc:2    | Found Cifogeuq's General Store.
 22446 | Orc:2    | Found a roughly hewn altar of Beogh.
 22477 | Orc:2    | Gained mutation: Your magical and physical power is enhanced at high health. [demonic ancestry]
 22477 | Orc:2    | Reached XP level 15. HP: 26/126 MP: 20/20
 22618 | Orc:2    | Found Qegol's Book Boutique.
 22619 | Orc:2    | Found a staircase to the Elven Halls.
 22895 | Orc:2    | Noticed Nessos
 22917 | Orc:2    | Killed Nessos
 23110 | Orc:2    | Bought a manual of Armour for 1545 gold pieces
 23234 | D:12     | Found a glowing silver altar of Zin.
 23793 | D:13     | Received a gift from Okawaru
 24298 | D:13     | Got a faintly glowing silver ring
 24299 | D:13     | Identified the ring "Xanaung" {Int+2 Dex+3 SInv} (You found it on level 13 of the Dungeon)
 24792 | D:14     | Found a gate to the Vaults.
 24854 | D:14     | Reached skill level 15 in Fighting
 24857 | D:14     | Received a gift from Okawaru
 24885 | D:14     | Got a twisted scale mail {god gift}
 24896 | D:14     | Identified the +1 scale mail "Gaklucytt" {Slay+3} (Okawaru gifted it to you on level 14 of the Dungeon)
 25677 | D:14     | Reached skill level 15 in Armour
 25684 | D:14     | Noticed a bone dragon
 25685 | D:14     | Found the +9 sword of Zonguldrok {reap}
 25708 | D:14     | Killed a bone dragon
 26011 | D:15     | Entered Level 15 of the Dungeon
 26027 | D:15     | HP: 6/130 [wolf spider simulacrum (8)]
 26028 | D:15     | HP: 1/130 [wolf spider simulacrum (5)]
 26028 | D:15     | Mangled by a wolf spider simulacrum

Vault maps used:
D:1:      lightli_arrival_maybe_door_vault, minmay_close_crescents
D:3:      lemuel_round_altar, first_bread, minmay_goblin_outpost
D:4:      kiku_gazebo_pond_becter, enter_ossuary_5, uniq_robin, uniq_edmund
D:5:      temple_green, glass_columns_a, uniq_crazy_yiuf_cottage, uniq_menkaure
D:6:      kennysheep_little_box, uniq_duvessa, uniq_prince_ribbit1
D:7:      lemuel_coloured_pillars_altar
D:8:      uniq_psyche
D:9:      due_lair_maze_entry_diamond, blue_anna_alchemist, uniq_erolcha
D:11:     david_orc_3, kennysheep_path_1, lemuel_hellish_altar
D:12:     basic_altar
D:14:     lightli_vaults_fourway_checkpoint, minmay_stone_trees_medium,
          serial_ice, serial_ice_c, serial_ice_g, serial_ice_f, serial_ice_b,
          minmay_guarded_unrand_zonguldrok
D:15:     hangedman_depths_entry_civil_slaughter
Temple:   eino_narrow_crystal_temple
Lair:1:   nicolae_quartered_pool_little, infiniplex_staircase_pool,
          grunt_megastairs_1, serial_bayou_shore_a, lemuel_fruit_tree
Lair:2:   elwin_shoals_entry_rocks, dummy_spider_entry, basic_altar
Lair:3:   nicolae_volcano_entry_lava_flow, basic_altar,
          minmay_lair_oklob_bushes, grunt_megastairs_4
Lair:4:   uniq_sonja
Lair:5:   minmay_slime_entry_pillars, beast_lair_carwin_6
Lair:6:   hangedman_lair_tendril_chambers, guppyfry_lair_end_dragon,
          lab_entry_generic
Orc:1:    uniq_harold
Orc:2:    grunt_orc_gardens, grunt_orc_garden, grunt_orc_garden,
          grunt_orc_garden, grunt_orc_garden, basic_altar, uniq_nessos,
          uniq_josephine
Ossuary:  ossuary_due_cavern
Volcano:  volcano_village

Skill      XL: |  1  2  3  4  5  6  7  8  9 10 11 12 13 14 15 |
---------------+----------------------------------------------+-----
Fighting       | 3 4 8 10 12 14 15 | 15.7
Armour         | 2 3 6 8 10 12 15 | 15.3
Polearms       | 2 4 5 7 10 12 14 | 14.2
Invocations    | 8 10 | 10.5
Maces & Flails | |  3.6
Shields        | |  1.0
Evocations     | |  1.0

Action                   |  1- 3 |  4- 6 |  7- 9 | 10-12 | 13-15 || total
-------------------------+-------+-------+-------+-------+-------++-------
Melee: Dagger            |   233 |   187 |       |       |       ||   420
       Kick              |    38 |    60 |   176 |   285 |   260 ||   819
       Spear             |       |    66 |   639 |   706 |       ||  1411
       Trident           |       |       |       |   237 |       ||   237
       Glaive            |       |       |       |   247 |  1242 ||  1489
Invok: Finesse           |       |       |       |       |     7 ||     7
Evoke: Wand              |       |       |    18 |    14 |     1 ||    33
       Lightning rod     |       |       |       |       |     5 ||     5
  Use: Potion            |     1 |     8 |     2 |     8 |    10 ||    29
       Scroll            |       |     7 |     5 |    10 |    10 ||    32
 Stab: Confused          |       |       |       |       |     1 ||     1
       Distracted        |       |       |       |       |     1 ||     1
  Eat: Chunk             |     3 |     6 |     8 |    13 |    11 ||    41
       Bread ration      |       |     1 |     3 |     3 |     1 ||     8
       Royal jelly       |       |       |       |     1 |     1 ||     2
       Fruit             |       |       |       |       |    21 ||    21
Armor: Scale mail        |   150 |   115 |   198 |    71 |       ||   534
       Chain mail        |       |       |       |   396 |   724 ||  1120
       Skin              |       |       |       |    27 |       ||    27
Dodge: Dodged            |   132 |   102 |   181 |   393 |   602 ||  1410

Table legend:
 A = Spawn XP
 B = Non-spawn XP
 C = Spawn XP percentage of total XP
 D = Spawn monster count
 E = Non-spawn monster count
 F = Spawn count percentage of total count
 G = Total turns spent on level
                    A         B        C        D         E        F      G
               +---------+---------+-------+---------+---------+-------+---------
         Total |       0 |  143281 |   0.0 |       0 |     759 |   0.0 | 26028
               +---------+---------+-------+---------+---------+-------+---------
           D:1 |       0 |      52 |   0.0 |       0 |      29 |   0.0 |  1252
           D:2 |       0 |      69 |   0.0 |       0 |      27 |   0.0 |  1411
           D:3 |       0 |     321 |   0.0 |       0 |      30 |   0.0 |  1007
           D:4 |       0 |     210 |   0.0 |       0 |      26 |   0.0 |   733
           D:5 |       0 |     878 |   0.0 |       0 |      15 |   0.0 |   855
           D:6 |       0 |    1173 |   0.0 |       0 |      27 |   0.0 |  1218
           D:7 |       0 |    1781 |   0.0 |       0 |      27 |   0.0 |  1093
           D:8 |       0 |    2876 |   0.0 |       0 |      25 |   0.0 |  1237
           D:9 |       0 |    2364 |   0.0 |       0 |      44 |   0.0 |  1392
          D:10 |       0 |    2627 |   0.0 |       0 |      23 |   0.0 |   908
          D:11 |       0 |    6585 |   0.0 |       0 |      44 |   0.0 |   618
          D:12 |       0 |    4578 |   0.0 |       0 |      26 |   0.0 |   796
          D:13 |       0 |    6994 |   0.0 |       0 |      30 |   0.0 |   635
          D:14 |       0 |   26599 |   0.0 |       0 |      56 |   0.0 |  1408
          D:15 |       0 |     340 |   0.0 |       0 |       3 |   0.0 |    17
        Lair:1 |       0 |    5805 |   0.0 |       0 |      26 |   0.0 |  1154
        Lair:2 |       0 |    4838 |   0.0 |       0 |      20 |   0.0 |  1039
        Lair:3 |       0 |   11639 |   0.0 |       0 |      63 |   0.0 |  1097
        Lair:4 |       0 |   10063 |   0.0 |       0 |      23 |   0.0 |   935
        Lair:5 |       0 |    7491 |   0.0 |       0 |      22 |   0.0 |   693
        Lair:6 |       0 |   22761 |   0.0 |       0 |      81 |   0.0 |  1348
         Orc:1 |       0 |    5359 |   0.0 |       0 |      12 |   0.0 |   285
         Orc:2 |       0 |   12654 |   0.0 |       0 |      56 |   0.0 |  1031
           Lab |       0 |    1085 |   0.0 |       0 |       1 |   0.0 |  2744
       Ossuary |       0 |     650 |   0.0 |       0 |      14 |   0.0 |   793
       Volcano |       0 |    3489 |   0.0 |       0 |       9 |   0.0 |   316
               +---------+---------+-------+---------+---------+-------+---------
